AoeStats
← Gim

Arabia

508421416Analyzed
4v4 RM · 9d ago on Sep 22, 2026· 28m 28s· 8 players
Game mode
Random Map
Map size
Large (8 player)
Population
200
Speed
Normal
Resources
Standard
Victory
Conquest
Starting age
Dark Age
Ending age
Imperial Age
RankedLock teamsTeams togetherTeam positionsShared explorationLock speedFull tech treeHidden civsTurbo modeCheats
Victory
Defeat
🇭🇰 Magyars · Hong Kong SAR China
1351
+15
🇨🇳 Ethiopians · China
1289
+17
🇨🇳 Poles · China
1288
+18
🇹🇼 Shu · Taiwan
1286
+18
🇻🇳 Spanish · Vietnam
1346
-18
🇹🇼 Persians · Taiwan
1335
-17
🇹🇼 Britons · Taiwan
1321
-17
🇨🇳 Malay · China
1310
-16
Veritas of the Dark
7:12 Loom
9:39 Feudal Age
10:30 Double-Bit Axe
14:05 Fletching
15:01 Padded Archer Armor
15:25 Town Watch
21:04 Castle Age
22:45 Crossbowman
25:37 Bodkin Arrow
26:46 Bow Saw
Gim
6:22 Loom
9:45 Feudal Age
11:43 Double-Bit Axe
chengaopeng044
0:37 Loom
10:50 Feudal Age
12:07 Wheelbarrow
11:19 Double-Bit Axe
16:21 Town Watch
19:00 Castle Age
18:27 Bloodlines
19:02 Scale Barding Armor
21:22 Bow Saw
22:49 Hand Cart
25:18 Forging
RoadTo1100
10:27 Feudal Age
10:48 Loom
11:42 Double-Bit Axe
15:59 Castle Age
14:33 Stone Mining
15:08 Horse Collar
17:04 Bow Saw
22:12 Wheelbarrow
22:21 Heavy Plow
22:56 Gold Mining
26:14 Fletching
28:09 Bodkin Arrow
Ting
6:55 Loom
9:08 Feudal Age
12:49 Fletching
22:07 Castle Age
21:16 Double-Bit Axe
22:16 Crossbowman
22:57 Bodkin Arrow
25:05 Thumb Ring
25:43 Ballistics
28:29 Padded Archer Armor
2265138721
9:08 Feudal Age
9:41 Loom
9:56 Double-Bit Axe
14:06 Fletching
15:00 Padded Archer Armor
15:59 Gold Mining
18:18 Town Watch
20:09 Horse Collar
26:41 Castle Age
26:43 Crossbowman
27:31 Thumb Ring
27:26 Bodkin Arrow
28:21 Leather Archer Armor
28:53 Ballistics
28:48 Bow Saw
crazy ant
6:08 Loom
8:49 Feudal Age
9:29 Double-Bit Axe
16:26 Horse Collar
16:34 Horse Collar
18:18 Wheelbarrow
20:12 Gold Mining
23:41 Castle Age
22:32 Scale Barding Armor
23:25 Bloodlines
23:42 Light Cavalry
24:23 Husbandry
25:00 Bow Saw
28:30 Chain Barding Armor
mipolin
6:43 Loom
8:54 Feudal Age
9:52 Double-Bit Axe
15:53 Horse Collar
19:26 Bloodlines
20:24 Scale Barding Armor
22:48 Castle Age
23:44 Husbandry
24:20 Bow Saw
26:17 Heavy Plow
Connection lost

Rejoining the realm…

Still unreachable

The connection could not be restored.

Session expired

The server has moved on; the page needs a fresh start.